 Dungeon Crawl Stone Soup version 0.29-a0-334-gb41bcbb86e (webtiles) character file.

Game seed: 15784985237160931509

82 zishaf the Gusty (level 4, -7/26 HPs)
             Began as a Tengu Air Elementalist on Apr 15, 2022.
             Was an Initiate of Sif Muna.
             Mangled by Sigmund
             ... wielding a +0 scythe
              (11 damage)
             ... on level 2 of the Dungeon.
             The game lasted 00:03:39 (2018 turns).

zishaf the Gusty (Tengu Air Elementalist)           Turns: 2018, Time: 00:03:40

Health: -7/26      AC:  3    Str:  9    XL:     4   Next: 43%
Magic:  1/8        EV: 12    Int: 17    God:    Sif Muna [......]
Gold:   104        SH:  0    Dex: 14    Spells: 4/7 levels left

rFire   . . .      SeeInvis .   a - +4 hunting sling (flame)
rCold   . . .      Faith    .   (no shield)
rNeg    . . .      Spirit   .   d - +0 robe
rPois   .          Reflect  .   (helmet restricted)
rElec   .          Harm     .   (no cloak)
rCorr   .          Rampage  .   n - +0 pair of gloves
Will    .....                   (boots unavailable)
Stlth   ++........              (no amulet)
HPRegen 0.08/turn               (no ring)
MPRegen 0.11/turn               (no ring)

@: very slightly contaminated
A: beak, talons 3
a: Renounce Religion


You were on level 2 of the Dungeon.
You worshipped Sif Muna.
Sif Muna was noncommittal.
You visited 1 branch of the dungeon, and saw 3 of its levels.

You collected 104 gold pieces.

Inventory:

Hand Weapons
 a - a +4 hunting sling of flaming (weapon)
 b - a +2 vampiric dagger
Missiles
 m - a throwing net
Armour
 d - a +0 robe (worn)
 n - a +0 pair of gloves (worn)
Scrolls
 e - 2 scrolls of enchant armour {unknown}
 h - 3 scrolls of identify {unknown}
 j - a scroll of immolation {unknown}
 l - a scroll of fear {unknown}
 o - a scroll of torment {unknown}
 p - a scroll of silence {unknown}
Potions
 c - a potion of invisibility {unknown}
 f - 3 potions of curing {unknown}
 g - 2 potions of attraction {unknown}
 i - a potion of flight {unknown}
 k - a potion of magic


   Skills:
 + Level 2.0 Fighting
 - Level 2.1 Dodging
 - Level 2.0 Stealth
 - Level 2.0 Spellcasting
 - Level 2.0 Conjurations
 * Level 5.8 Air Magic
 + Level 0.0 Invocations


You had 4 spell levels left.
You knew the following spells:

 Your Spells              Type           Power      Damage    Failure   Level
a - Shock                 Conj/Air       60%        1d6       3%          1
b - Static Discharge      Conj/Air       15%        N/A       6%          2

Your spell library contained the following spells:

 Spells                   Type           Power      Damage    Failure   Level
 Swiftness                Air            21%        N/A       5%          3
 Airstrike                Air            10%        N/A       17%         4


Dungeon Overview and Level Annotations

Branches:
Dungeon (3/15)

Altars:
Sif Muna

Annotations:
D:2 Sigmund


Innate Abilities, Weirdness & Mutations

You have a beak for a mouth.
You have claws for feet.


Message History

Confirm with . or Enter, or press ? or * to list all spells.
Aiming: Shock (safe; 3% risk of failure)
Press: ? - help, Shift-Dir - straight line
Casting: Shock (safe; 3% risk of failure)
Confirm with . or Enter, or press ? or * to list all spells.
Aiming: Shock (safe; 3% risk of failure)
Press: ? - help, Shift-Dir - straight line A magic dart appears from out of thin air!
The magic dart hits you!
Casting: Shock (safe; 3% risk of failure)
Confirm with . or Enter, or press ? or * to list all spells.
Aiming: Shock (safe; 3% risk of failure)
Press: ? - help, Shift-Dir - straight line The zap hits something.
Something hits you.
Casting: Shock (safe; 3% risk of failure)
Confirm with . or Enter, or press ? or * to list all spells.
Aiming: Shock (safe; 3% risk of failure)
Press: ? - help, Shift-Dir - straight line You miscast Shock.
You are very lightly contaminated with residual magic.
Nothing appears to happen.
Something hits you.
Casting: Shock (safe; 3% risk of failure)
Confirm with . or Enter, or press ? or * to list all spells.
Aiming: Shock (safe; 3% risk of failure)
Press: ? - help, Shift-Dir - straight line The zap hits something.
Fire: a) +4 hunting sling (flame)
Press: ? - help, Q - select action, (/) - cycle Shift-Dir - straight line You shoot a sling bullet.
You hear some strange, mumbled words.
Something tries to affect you, but you resist.
You hear some strange, mumbled words.
A puff of flame appears from out of thin air!
The puff of flame hits you!
* * * LOW HITPOINT WARNING * * *
Fire: a) +4 hunting sling (flame)
Press: ? - help, Q - select action, (/) - cycle Shift-Dir - straight line You shoot a sling bullet.
Something hits you!
You die...

#..# #. .# #.## #.#
.. #.# #.# ##.
#.######## #.# .
#.†......# #.# .
########.# #.# # #.#
#.# .# ##
#>###.####..#
.########.....{.@...#
..............####.##
........####### #
.#####......... .#
########## .# .# .#
.#


There were no monsters in sight!

Vanquished Creatures
  4 gnolls
  A worm (D:2)
  2 dart slugs
  A bat (D:1)
  6 endoplasms
  A giant cockroach (D:1)
  8 goblins
  2 hobgoblins
  4 kobolds
  2 quokkas (D:1)
  2 ball pythons
  A frilled lizard (D:2)
  2 rats (D:2)
36 creatures vanquished.

Notes
Turn   | Place    | Note
-------+----------+-------------------------------------------
     0 | D:1      | zishaf the Tengu Air Elementalist began the quest for the
                  | Orb.
     0 | D:1      | Reached XP level 1. HP: 10/10 MP: 4/4
   187 | D:1      | Reached XP level 2. HP: 16/16 MP: 6/6
   599 | D:1      | Reached skill level 1 in Fighting
   903 | D:1      | Reached XP level 3. HP: 10/20 MP: 5/7
  1222 | D:2      | Reached skill level 5 in Air Magic
  1456 | D:1      | Learned a level 2 spell: Static Discharge
  1514 | D:2      | Reached XP level 4. HP: 22/26 MP: 0/8
  1735 | D:2      | Found a shimmering blue altar of Sif Muna.
  1749 | D:2      | Became a worshipper of Sif Muna the Loreminder
  1821 | D:2      | Noticed Sigmund
  2018 | D:2      | Mangled by Sigmund

Illustrated notes

Levels and vault maps discovered:
D:1:      wander_arrival_fairy_ring, layout_loops_corners
D:2:      layout_loops_ring, chequers_ecumenical_altar_simple_redux,
          basic_altar, minmay_surrounded, uniq_sigmund, uniq_crazy_yiuf_cottage
D:3:      layout_basic, grunt_decor_mini_mirrors

Skill      XL: |  1  2  3  4 |
---------------+-------------+-----
Conjurations   | 2 |  2.0
Fighting       | 1 2 |  2.0
Air Magic      | 5 |  5.8
Dodging        | |  2.1
Stealth        | |  2.0
Spellcasting   | |  2.0

Action                   |  1- 3 |  4- 6 || total
-------------------------+-------+-------++-------
 Fire: Hunting sling     |    48 |    24 ||    72
 Cast: Shock             |     7 |     7 ||    14
       Static Discharge  |     2 |       ||     2
Armor: Robe              |       |     2 ||     2
Dodge: Dodged            |    15 |     5 ||    20

Table legend: (Time is in decaauts)
 A = Elapsed time spent in this place.
 B = Non-inter-level travel time spent in this place.
 C = Inter-level travel time spent in this place.
 D = Time resting spent in this place.
 E = Time spent auto-exploring this place.
 F = Levels seen in this place.
 G = Mean time per level.
                   A        B        C        D        E       F      G
               +--------+--------+--------+--------+--------+-----+--------+
         Total |   2054 |   1910 |    144 |    373 |   1213 |   3 |  684.7 |
       Dungeon |   2054 |   1910 |    144 |    373 |   1213 |   3 |  684.7 |
               +--------+--------+--------+--------+--------+-----+--------+

Top non-repeatable levels by time:
     D:1: 1461 daAuts
     D:2: 452 daAuts
     D:3: 141 daAuts
